 Dungeon Crawl Stone Soup version 0.30.1-9-gdf580d7c3d (webtiles) character file.

Game seed: 18384929267191961328

1628 Ivernyr the Covered (level 9, -3/73 HPs)
             Began as a Formicid Fighter on Sept 29, 2023.
             Killed from afar by an electric eel (10 damage)
             ... with a bolt of electricity
             ... on level 6 of the Dungeon.
             The game lasted 00:14:01 (5475 turns).

Ivernyr the Covered (Formicid Fighter)              Turns: 5475, Time: 00:14:02

Health: -3/73      AC: 24    Str: 26    XL:     9   Next: 18%
Magic:  9/9        EV:  8    Int:  7    God:
Gold:   339        SH:  5    Dex: 13    Spells: 8/8 levels left

rFire   . . .        a - +0 flail (protect)
rCold   . . .        c - +0 buckler
rNeg    . . .        b - +0 chain mail
rPois   +            (helmet unavailable)
rElec   .            p - +0 cloak
rCorr   .            (no gloves)
SInv    +            e - +0 pair of boots
Will    .....        (no amulet) Stlth
                     f - +4 ring of protection
HPRegen 0.32/turn    g - ring of poison resistance
MPRegen 0.11/turn

%: no passive effects
@: under a protective aura
A: permanent stasis, dig shafts and tunnels, antennae 3, four strong arms
a: Dig, Shaft Self


You were on level 6 of the Dungeon.
You visited 2 branches of the dungeon, and saw 7 of its levels.

You collected 339 gold pieces.

Inventory:

Hand Weapons
 a - a +0 flail of protection (weapon)
Armour
 b - a +0 chain mail (worn)
 c - a +0 buckler (worn)
 e - a +0 pair of boots (worn)
 p - a +0 cloak (worn)
Jewellery
 f - a +4 ring of protection (left hand)
 g - a ring of poison resistance (right hand)
 l - a +6 ring of strength
Wands
 y - a wand of flame (27)
Scrolls
 d - 3 scrolls of noise {unknown}
 h - a scroll of magic mapping {unknown}
 i - 2 scrolls of blinking {unknown}
 m - a scroll of torment {unknown}
 q - a scroll of teleportation {unknown}
 t - 2 scrolls of fear {unknown}
 u - a scroll of enchant armour {unknown}
 v - 2 scrolls of identify {unknown}
 w - a scroll of amnesia {unknown}
Potions
 j - 2 potions of lignification
 k - 3 potions of curing
 n - a potion of brilliance {unknown}
 o - 2 potions of mutation {unknown}
 r - a potion of berserk rage {unknown}
 s - a potion of heal wounds {unknown}
 x - a potion of flight {unknown}
 z - 2 potions of degeneration {unknown}


   Skills:
 + Level 7.7 Fighting
 + Level 6.6 Maces & Flails
 + Level 7.7 Armour
 - Level 4.0 Shields


You had 8 spell levels left.
You didn't know any spells.
Your spell library contained the following spells:

 Spells                   Type           Power      Damage    Failure   Level
 Sting                    Tmut/Pois      0%         1d3       93%         1
 Poisonous Vapours        Pois/Air       0%         N/A       98%         2
 Dazzling Flash           Conj/Hex       0%         N/A       100%        3
 Olgreb's Toxic Radiance  Pois           0%         N/A       100%        4
 Agony                    Necr           0%         N/A       100%        5
 Silence                  Hex/Air        0%         N/A       100%        5


Dungeon Overview and Level Annotations

Branches:
Dungeon (6/15)             Temple (1/1) D:6

Altars:
Cheibriados
Dithmenos
Fedhas
Gozag
Kikubaaqudgha
Makhleb
Nemelex Xobeh
Okawaru
Qazlal
Ru
Sif Muna
Trog
Uskayaw
Vehumet
Xom
Yredelemnul
The Shining One


Innate Abilities, Weirdness & Mutations

You cannot be hasted, slowed, berserked, paralysed or teleported.
You can dig through walls and to a lower floor.
You have a pair of large antennae on your head. (SInv)
Your four strong arms can wield two-handed weapons with a shield.


Message History

The bolt of electricity hits the electric eel.
The electric eel completely resists.
You completely miss the electric eel.
The electric eel is almost dead.
You miss the electric eel.
The electric eel is almost dead.
The electric eel shoots out a bolt of lightning at you!
The bolt of electricity hits you! x2
The bolt of electricity hits the electric eel.
The electric eel completely resists.
You closely miss the electric eel.
The electric eel is almost dead.
The electric eel shoots out a bolt of lightning at you!
The bolt of electricity hits you but does no damage.
The bolt of electricity hits you.
The bolt of electricity hits the electric eel.
The electric eel completely resists.
You barely miss the electric eel.
The electric eel is almost dead.
The electric eel shoots out a bolt of lightning at you!
The bolt of electricity hits you.
* * * LOW HITPOINT WARNING * * *
The bolt of electricity hits you.
* * * LOW HITPOINT WARNING * * *
The bolt of electricity hits the electric eel.
The electric eel completely resists.
You miss the electric eel.
The electric eel is almost dead.
The electric eel shoots out a bolt of lightning at you!
The bolt of electricity hits you.
* * * LOW HITPOINT WARNING * * *
The bolt of electricity hits you!
* * * LOW HITPOINT WARNING * * *
The bolt of electricity misses the electric eel.
You hit the electric eel but do no damage.
Your weapon exudes an aura of protection.
The electric eel is almost dead.
The electric eel shoots out a bolt of lightning at you!
The bolt of electricity hits you!
You die...

###### ♣....##
♣~~♣@.# ♣S#.##
≈~~~~~~~♣..########
≈≈~~~~~♣♣♣........#
≈≈≈~♣~~ ♣~#####.##
≈≈~ ~~~ ~~♣# #.#
≈≈≈ ≈≈≈≈≈≈ ~~~♣~~♣
#.# ≈≈≈
≈≈≈≈≈≈~~~P~~♣ #.#
~≈≈ ≈≈≈≈S♣~~♣~~♣
#.#


You could see an electric eel.

Vanquished Creatures
  Sigmund (D:5)
  A steam dragon (D:6)
  Menkaure (D:5)
  2 water moccasins (D:6)
  An ice beast (D:5)
  A phantom (D:5)
  A kobold brigand (D:6)
  Blork the orc (D:6)
  A gnoll sergeant (D:4)
  An electric eel (D:6)
  2 jellies
  A gnoll bouda (D:5)
  2 orc priests (D:5)
  3 iguanas
  An iron imp (D:6)
  Ijyb (D:3)
  Terence (D:2)
  2 orc wizards (D:5)
  8 gnolls
  9 adders
  A shadow imp (D:5)
  A white imp (D:5)
  An ufetubus (D:6)
  A worm (D:2)
  2 dart slugs (D:2)
  7 orcs
  4 ball pythons
  6 bats
  2 endoplasms
  2 giant cockroaches
  8 goblins
  10 hobgoblins
  3 quokkas
  11 kobolds
  2 rats (D:2)
102 creatures vanquished.

Notes
Turn   | Place    | Note
-------+----------+-------------------------------------------
     0 | D:1      | Ivernyr the Formicid Fighter began the quest for the Orb.
     0 | D:1      | Reached XP level 1. HP: 18/18 MP: 1/1
    24 | D:1      | You fall into a shaft and drop 1 floor!
    90 | D:2      | Reached XP level 2. HP: 23/24 MP: 2/2
   216 | D:2      | Noticed Terence
   235 | D:2      | Killed Terence
   236 | D:2      | Reached XP level 3. HP: 7/30 MP: 3/3
   389 | D:1      | Reached XP level 4. HP: 37/37 MP: 4/4
   454 | D:1      | Found a faded altar of an unknown god.
  1746 | D:3      | Noticed Ijyb
  1764 | D:3      | Killed Ijyb
  1765 | D:3      | Reached XP level 5. HP: 18/43 MP: 5/5
  2444 | D:4      | Found an ancient bone altar of Kikubaaqudgha.
  2444 | D:4      | Found a sparkling altar of Nemelex Xobeh.
  2636 | D:4      | Found a shadowy altar of Dithmenos.
  2969 | D:5      | Entered Level 5 of the Dungeon
  2977 | D:5      | Reached XP level 6. HP: 49/49 MP: 6/6
  3033 | D:5      | Reached skill level 5 in Fighting
  3033 | D:5      | Reached skill level 5 in Armour
  3308 | D:5      | Reached XP level 7. HP: 54/56 MP: 7/7
  3564 | D:5      | Noticed Sigmund
  3585 | D:5      | Killed Sigmund
  3586 | D:5      | Reached skill level 5 in Maces & Flails
  3764 | D:4      | Reached XP level 8. HP: 22/63 MP: 8/8
  4192 | D:5      | Noticed Menkaure
  4203 | D:5      | Killed Menkaure
  4488 | D:6      | Noticed a +0 dagger
  4488 | D:6      | Noticed Blork the orc
  4489 | D:6      | Noticed a +0 dagger
  4508 | D:6      | Killed Blork the orc
  4623 | D:6      | Found a hide-covered altar of Uskayaw.
  4735 | D:6      | Found a staircase to the Ecumenical Temple.
  4931 | Temple   | Entered the Ecumenical Temple
  4953 | D:6      | Reached XP level 9. HP: 64/72 MP: 9/9
  5190 | D:6      | Found a snail-covered altar of Cheibriados.
  5475 | D:6      | Killed from afar by an electric eel

Illustrated notes

Levels and vault maps discovered:
D:1:      dpeg_arrival_radiant, layout_loops_corners,
          ebering_ecumenical_altar_ruins, minmay_tetromino_o4
D:2:      layout_loops_ring, kennysheep_generic_room_2, uniq_terence
D:3:      layout_loops_cross, uniq_ijyb
D:4:      layout_basic, mainiacjoe_overflow_chevrons,
          mainiacjoe_overflow_divided_tiny, guppyfry_early_lair_pool
D:5:      layout_gridville, uniq_sigmund, uniq_menkaure
D:6:      layout_basic, slow_altar_2, dancing_weapons_uskayaw,
          nicolae_overflow_crystal_walls, minmay_temple_entry_tees,
          serial_bayou_lake_a, uniq_blork_the_orc, uniq_pikel
Temple:   nicolae_temple_no_exploring_needed

Skill      XL: |  1  2  3  4  5  6  7  8 |
---------------+-------------------------+-----
Fighting       | 4 5 6 7 |  7.7
Armour         | 4 5 6 7 |  7.7
Maces & Flails | 3 4 5 6 |  6.6
Shields        | |  4.0

Action                     |  1- 3 |  4- 6 |  7- 9 || total
---------------------------+-------+-------+-------++-------
  Melee: Flail             |    56 |   190 |   213 ||   459
Ability: Dig               |       |       |     1 ||     1
    Use: Potion            |     1 |       |     2 ||     3
 Armour: Scale mail        |     8 |       |       ||     8
         Chain mail        |    27 |   121 |    97 ||   245
         Skin              |       |       |    14 ||    14
  Dodge: Dodged            |    26 |    68 |    82 ||   176
  Block: Buckler           |    16 |    49 |    43 ||   108
